[Event "Titled Tuesday Blitz April 26 Early 2022"]
[White "Zlatin, Alexander"]
[Black "Narayanan, Srinath"]
[WhiteFideId "2810549"]
[BlackFideId "5018420"]
[WhiteElo "2228"]
[BlackElo "2472"]
[Result "1/2-1/2"]
[Round "04"]
[TimeControl "180+1"]
[Date "2022.04.26"]
[WhiteClock "0:00:05"]
[BlackClock "0:00:16"]

1. d4 Nf6 2. Nc3 d5 3. Bf4 c6 4. e3 g6 5. h4 h5 6. Nf3 Bg7 7. Bd3 Bg4 8. Qd2 Nbd7 9. Ne5 Nxe5 10. Bxe5 Qd7 11. f3 Bf5 12. O-O-O b5 13. Kb1 a5 14. e4 dxe4 15. fxe4 Bg4 16. Rde1 a4 17. d5 O-O 18. dxc6 Qxc6 19. Bxb5 Qb7 20. Bxa4 Rxa4 21. Nxa4 Nxe4 22. Rxe4 Qxe4 23. Bxg7 Kxg7 24. Nc3 Qc4 25. b3 Qc5 26. Kb2 Rc8 27. Re1 e6 28. Qe3 Qe7 29. Qd4+ Kg8 30. g3 Bf5 31. Rd1 Qc7 32. Qe3 Qa5 33. a4 Qb4 34. Rd4 Qb8 35. Rd7 Qa8 36. Qd2 e5 37. Rd5 e4 38. Rd4 Kh7 39. Qe3 Qc6 40. Rc4 Qb7 41. Rxc8 Qxc8 42. Nxe4 Qc6 43. Ng5+ Kg8 44. Qc3 Qd5 45. a5 Qb5 46. Qc4 Qe5+ 47. Qc3 Qb5 48. Qc4 Qe5+ 49. Kb1 Qe1+ 50. Kb2 Qe5+ 1/2-1/2


[Site "https://www.chess.com"]

[Event "Titled Tuesday Blitz April 26 Early 2022"]
[White "talman67"]
[Black "Molina, Roberto Junio Brito"]
[BlackFideId "2109450"]
[WhiteElo "2182"]
[BlackElo "2432"]
[Result "0-1"]
[Round "04"]
[TimeControl "180+1"]
[Date "2022.04.26"]
[WhiteClock "0:00:10"]
[BlackClock "0:00:24"]

1. e4 c6 2. d4 d5 3. e5 Bf5 4. Nf3 e6 5. Be2 Nd7 6. O-O h6 7. Nbd2 Ne7 8. Nb3 Bh7 9. a4 Ng6 10. a5 Be7 11. g3 O-O 12. h4 Re8 13. h5 Ngf8 14. Be3 b6 15. Qd2 c5 16. c4 cxd4 17. Nbxd4 dxc4 18. axb6 Nxb6 19. Nc6 Qxd2 20. Nxd2 Nd5 21. Bd4 Bd3 22. Bf3 Bxf1 23. Kxf1 Bg5 24. Nxc4 Rec8 25. N4a5 Rc7 26. Be4 Nd7 27. f4 Bd8 28. b4 N7b6 29. Ke2 Rac8 30. b5 Be7 31. Nb3 Bb4 32. Kd3 Bf8 33. Rxa7 Nb4+ 34. Nxb4 Rxa7 35. Bxb6 Ra3 0-1


[Site "https://www.chess.com"]

[Event "Titled Tuesday Blitz April 26 Early 2022"]
[White "Abarca Gonzalez, Nicolas"]
[Black "Vokhidov, Shamsiddin"]
[WhiteFideId "3409422"]
[BlackFideId "14204223"]
[WhiteElo "2504"]
[BlackElo "2611"]
[Result "1-0"]
[Round "05"]
[TimeControl "180+1"]
[Date "2022.04.26"]
[WhiteClock "0:00:55"]
[BlackClock "0:00:09"]

1. e4 c5 2. Nf3 d6 3. Bc4 Nf6 4. e5 dxe5 5. Nxe5 e6 6. Qe2 Be7 7. O-O O-O 8. Re1 Nfd7 9. Nxf7 Kxf7 10. Bxe6+ Ke8 11. Qh5+ g6 12. Qxh7 Rf6 13. Qh8+ Rf8 14. Qg7 Rf6 15. d4 Nf8 16. Bxc8 Rf7 17. Qg8 Qxc8 18. Bg5 Nc6 19. Nc3 Qf5 20. Ne4 Rd8 21. dxc5 Ne5 22. f4 Rd4 23. Nd6+ Bxd6 24. cxd6 Re4 25. Rxe4 Qxe4 26. fxe5 Qxe5 27. Be7 Qxb2 28. Rd1 Qb6+ 29. Kh1 Qd4 30. Qxf7+ 1-0


[Site "https://www.chess.com"]

[Event "Titled Tuesday Blitz April 26 Early 2022"]
[White "Abdrlauf, Elham"]
[Black "Karolczuk, Iwo"]
[WhiteFideId "1533533"]
[BlackFideId "21816972"]
[WhiteElo "2334"]
[BlackElo "2277"]
[Result "0-1"]
[Round "05"]
[TimeControl "180+1"]
[Date "2022.04.26"]
[WhiteClock "0:00:44"]
[BlackClock "0:00:18"]

1. e4 c5 2. Nf3 d6 3. d4 cxd4 4. Nxd4 Nf6 5. Nc3 a6 6. Bc4 e6 7. Bb3 Nbd7 8. f4 Nc5 9. f5 e5 10. Nde2 h6 11. Ng3 b5 12. Be3 Qc7 13. Qf3 Bb7 14. O-O-O Rc8 15. Bd5 Bxd5 16. Bxc5 Qxc5 17. exd5 b4 18. Rd3 Rc7 19. Re1 bxc3 20. Rxc3 Qa7 21. Rxc7 Qxc7 22. Qd3 Be7 23. Qxa6 O-O 24. Qd3 Qa5 25. Kd1 Qxa2 26. b3 Rc8 27. c4 Rb8 28. c5 Rxb3 29. Qc2 Rb1+ 30. Kd2 Rb2 31. Rc1 Qxd5+ 32. Ke1 Rxc2 33. Rxc2 dxc5 34. Re2 e4 35. Kf2 Qd4+ 36. Ke1 e3 37. Kf1 Ne4 38. Kg1 Qd1+ 39. Nf1 Qxe2 40. h4 Qf2+ 41. Kh2 Qxh4+ 42. Kg1 Qf2+ 43. Kh2 Bd6+ 44. Ng3 Qxg3+ 45. Kg1 Qf2+ 46. Kh1 Qf1# 0-1


[Site "https://www.chess.com"]

[Event "Titled Tuesday Blitz April 26 Early 2022"]
[White "Abdusattorov, Nodirbek"]
[Black "Bilych, Olexiy"]
[WhiteFideId "14204118"]
[BlackFideId "14156504"]
[WhiteElo "2663"]
[BlackElo "2176"]
[Result "1-0"]
[Round "05"]
[TimeControl "180+1"]
[Date "2022.04.26"]
[WhiteClock "0:00:34"]
[BlackClock "0:00:06"]

1. c4 e5 2. Nc3 Nc6 3. Nf3 Nf6 4. e4 Bb4 5. d3 O-O 6. a3 Bc5 7. b4 Bd4 8. Nxd4 Nxd4 9. Be2 d6 10. O-O c6 11. f4 a5 12. Rb1 axb4 13. axb4 exf4 14. Bxf4 Ra3 15. Bd2 Qb6 16. Kh1 Nxe2 17. Qxe2 Bg4 18. Qe1 Qd4 19. Qg3 Rxc3 20. Bxc3 Qxc3 21. Rf2 Be6 22. Qxd6 Ra8 23. h3 h6 24. Rbf1 Ra1 25. Rxa1 Qxa1+ 26. Kh2 Qc3 27. Rf3 Nd7 28. Rg3 Qe5 29. c5 h5 30. Qxe5 Nxe5 31. d4 Nd7 32. Re3 Nf6 33. Kg3 g5 34. Kf3 Kg7 35. Ra3 Nd7 36. Ra7 f5 37. Rxb7 fxe4+ 38. Kxe4 Kf6 39. Ke3 h4 40. b5 cxb5 41. c6 Nf8 42. Ke4 Ng6 43. d5 Bf5+ 44. Kd4 Nf4 45. d6 Ke6 46. d7 Ke7 47. Ke5 Be6 48. Rxb5 Bxd7 49. Rb7 Ng6+ 50. Ke4 Nf8 51. cxd7 Nxd7 52. Kf5 Kd6 53. Kxg5 Nc5 54. Rb6+ Ke5 55. Kxh4 Nd3 56. Kg5 Ne1 57. Rb2 Ke4 58. Re2+ 1-0


[Site "https://www.chess.com"]

[Event "Titled Tuesday Blitz April 26 Early 2022"]
[White "Aggelis, Nikolaos"]
[Black "Yeremyan, Alen"]
[WhiteFideId "4213220"]
[BlackFideId "13308998"]
[WhiteElo "2154"]
[BlackElo "2158"]
[Result "1/2-1/2"]
[Round "05"]
[TimeControl "180+1"]
[Date "2022.04.26"]
[WhiteClock "0:00:11"]
[BlackClock "0:00:31"]

1. d4 Nf6 2. g3 g6 3. Bg2 Bg7 4. Nf3 O-O 5. O-O d6 6. b3 c5 7. Bb2 cxd4 8. Nxd4 d5 9. c4 e5 10. Nf3 e4 11. Nd4 dxc4 12. bxc4 e3 13. f4 Qc7 14. Qb3 Nc6 15. Nb5 Qb6 16. N1c3 Bg4 17. Bf3 Bxf3 18. Rxf3 a6 19. Nd6 Qxb3 20. axb3 Nd4 21. Rff1 Nxb3 22. Ra3 Nd2 23. Rc1 Rfd8 24. c5 b6 25. Na4 bxc5 26. Nb7 Re8 27. Naxc5 h5 28. Bd4 Ng4 29. Bxg7 Kxg7 30. Rxa6 Rxa6 31. Nxa6 h4 32. Nac5 hxg3 33. hxg3 Rh8 34. Nd6 Rh2 35. Ne8+ Kf8 36. Nf6 Rxe2 37. Nxg4 Nf3+ 38. Kf1 Ra2 39. Nxe3 Nh2+ 40. Kg1 Nf3+ 41. Kf1 Nd2+ 42. Kg1 Nf3+ 43. Kf1 1/2-1/2


[Site "https://www.chess.com"]

[Event "Titled Tuesday Blitz April 26 Early 2022"]
[White "Akrakan"]
[Black "Melikhov, Evgeny V."]
[BlackFideId "4122046"]
[WhiteElo "2053"]
[BlackElo "1931"]
[Result "1-0"]
[Round "05"]
[TimeControl "180+1"]
[Date "2022.04.26"]
[WhiteClock "0:00:53"]
[BlackClock "0:00:20"]

1. e4 c5 2. Nf3 d6 3. c3 Nf6 4. Qc2 e6 5. d4 Be7 6. Bd3 Qc7 7. Qe2 Nbd7 8. O-O b6 9. h3 Bb7 10. Bf4 O-O 11. Nbd2 Rfe8 12. e5 Nd5 13. Bg3 Nf8 14. Rac1 a6 15. Rfe1 b5 16. Ne4 dxe5 17. Nxe5 Qc6 18. f3 Qb6 19. dxc5 Bxc5+ 20. Nxc5 Qxc5+ 21. Kh2 Rad8 22. Be4 Qb6 23. Rcd1 Nf6 24. Bxb7 Qxb7 25. Bh4 Ng6 26. Bxf6 gxf6 27. Ng4 Qc7+ 28. g3 Qe7 29. h4 f5 30. Ne3 f4 31. Ng2 fxg3+ 32. Kxg3 Rxd1 33. Rxd1 Rd8 34. Rxd8+ Qxd8 35. h5 Qg5+ 36. Kf2 Qxg2+ 37. Kxg2 Nf4+ 38. Kf2 Nxe2 39. Kxe2 Kg7 40. b3 e5 41. c4 bxc4 42. bxc4 f5 43. Ke3 Kf6 44. Kd3 Ke6 45. Kc3 Kd6 46. Kb4 h6 47. a4 Kc6 48. a5 Kd6 49. c5+ Kc6 50. Kc4 e4 51. fxe4 fxe4 52. Kd4 e3 53. Kxe3 Kxc5 54. Kf4 Kb5 55. Kf5 Kxa5 56. Kg6 Kb4 57. Kxh6 a5 58. Kg6 a4 59. h6 a3 60. h7 Kb3 61. h8=Q Ka2 62. Qh3 Kb2 63. Qg2+ Kb1 64. Qe4+ Kb2 65. Qb4+ Ka2 66. Kf5 Ka1 67. Qc3+ Ka2 68. Qb4 Ka1 69. Qxa3+ Kb1 70. Qe3 Ka1 71. Qf2 Kb1 72. Ke4 1-0


[Site "https://www.chess.com"]

[Event "Titled Tuesday Blitz April 26 Early 2022"]
[White "Antonio, Jorge Carlos"]
[Black "Popadic, Dragan"]
[WhiteFideId "113190"]
[BlackFideId "913650"]
[WhiteElo "2247"]
[BlackElo "2203"]
[Result "0-1"]
[Round "05"]
[TimeControl "180+1"]
[Date "2022.04.26"]
[WhiteClock "0:00:50"]
[BlackClock "0:01:18"]

1. d4 Nf6 2. Nf3 g6 3. c4 Bg7 4. Nc3 O-O 5. e4 d6 6. Be2 e5 7. O-O Na6 8. d5 Nc5 9. Qc2 a5 10. h3 Nh5 11. Ne1 Nf4 12. Nd3 Ncxd3 13. Bxd3 Bd7 14. Be3 Qh4 15. Bxf4 exf4 16. f3 Rfe8 17. Rad1 Re5 18. Qf2 Qh6 19. Kh2 Rg5 20. Rg1 Rg3 21. Kh1 Bd4 22. Qe2 Bxh3 23. gxh3 Rxh3+ 24. Kg2 Rh2+ 25. Kf1 Qh3+ 26. Rg2 Rh1# 0-1


[Site "https://www.chess.com"]

[Event "Titled Tuesday Blitz April 26 Early 2022"]
[White "Araujo Filho, Luiz Antonio Coel"]
[Black "Unver, Cumali"]
[WhiteFideId "2130661"]
[BlackFideId "6304940"]
[WhiteElo "2323"]
[BlackElo "2013"]
[Result "0-1"]
[Round "05"]
[TimeControl "180+1"]
[Date "2022.04.26"]
[WhiteClock "0:00:22"]
[BlackClock "0:01:57"]

1. d4 Nf6 2. Nf3 d5 3. e3 c6 4. Nbd2 Bf5 5. b3 h6 6. Bb2 e6 7. Be2 Nbd7 8. O-O Be7 9. c4 O-O 10. Re1 a6 11. Rc1 b5 12. cxd5 cxd5 13. Ne5 Nxe5 14. dxe5 Nd7 15. f4 Rc8 16. Nf3 Nc5 17. Nd4 Be4 18. a4 bxa4 19. bxa4 Qa5 20. Kh1 Nxa4 21. Ba1 Nc3 22. Bxc3 Rxc3 23. Rxc3 Qxc3 24. Bxa6 Ra8 25. Bf1 Ra2 26. Qc1 Bb4 27. Rd1 Qxc1 28. Rxc1 Bd2 0-1


[Site "https://www.chess.com"]

[Event "Titled Tuesday Blitz April 26 Early 2022"]
[White "Araujo Sanchez, Josue"]
[Black "Toncheva, Nadya"]
[WhiteFideId "6416896"]
[BlackFideId "2924056"]
[WhiteElo "2339"]
[BlackElo "1884"]
[Result "1-0"]
[Round "05"]
[TimeControl "180+1"]
[Date "2022.04.26"]
[WhiteClock "0:00:46"]
[BlackClock "0:00:01"]

1. d4 Nf6 2. c4 e6 3. Nc3 c5 4. d5 exd5 5. cxd5 d6 6. Bf4 a6 7. a4 g6 8. Nf3 Qe7 9. Nd2 Nh5 10. Be3 f5 11. g3 Bg7 12. Bg2 O-O 13. Nc4 f4 14. Bd2 f3 15. Bf1 Bg4 16. e3 Nf6 17. Qb3 Nbd7 18. h3 Bf5 19. a5 Ne4 20. g4 Nxf2 21. gxf5 Qh4 22. fxg6 Nxh1+ 23. Kd1 Ng3 24. Kc2 hxg6 25. Nxd6 f2 26. Qc4 Qf6 27. Nde4 Qf5 28. Bd3 Nxe4 29. Nxe4 Ne5 30. Nd6 Qxd3+ 31. Qxd3 Nxd3 32. Rf1 Ne5 33. e4 Rad8 34. Nxb7 Rc8 35. Be3 c4 36. Rxf2 Rxf2+ 37. Bxf2 Nd3 38. Bb6 Nxb2 39. d6 Bf6 40. d7 Rc6 41. e5 Be7 42. Bc5 Rxc5 43. Nxc5 Nd3 44. Nxa6 Nxe5 45. Nb8 Bd8 46. a6 Nxd7 47. Nxd7 1-0


[Site "https://www.chess.com"]

[Event "Titled Tuesday Blitz April 26 Early 2022"]
[White "Asavasaetakul, Chawit"]
[Black "Hamley, Ryan"]
[WhiteFideId "6204856"]
[BlackFideId "30959497"]
[WhiteElo "1697"]
[BlackElo "2444"]
[Result "1-0"]
[Round "05"]
[TimeControl "180+1"]
[Date "2022.04.26"]
[WhiteClock "0:00:20"]
[BlackClock "0:00:02"]

1. e4 c6 2. d4 d5 3. Nd2 dxe4 4. Nxe4 Nf6 5. Nxf6+ exf6 6. c3 Bd6 7. Bd3 O-O 8. Ne2 Re8 9. O-O Nd7 10. Bf4 Nf8 11. Qd2 Bg4 12. Rfe1 Ng6 13. Bxd6 Qxd6 14. Ng3 Be6 15. a3 Rad8 16. Qc2 Bd5 17. Rad1 b5 18. h3 a5 19. c4 Rxe1+ 20. Rxe1 Be6 21. cxb5 cxb5 22. Bxb5 Qxd4 23. Bf1 Rb8 24. Rd1 Qb6 25. Rd2 h6 26. Qe4 Ne5 27. Nf5 Qb7 28. Rd8+ Kh7 29. Qc2 Bb3 30. Rxb8 Qxb8 31. Qe4 g6 32. Nd4 Kg7 33. Nxb3 Qxb3 34. Qd4 Qe6 35. Qc3 Qd5 36. b4 axb4 37. axb4 h5 38. b5 g5 39. Qe3 g4 40. hxg4 hxg4 41. b6 f5 42. Qg5+ Ng6 43. Qe3 f4 44. Qc3+ Kh6 45. Qc4 Qb7 46. Qc7 Qxc7 47. bxc7 Ne7 48. Ba6 g3 49. f3 Kg5 50. c8=Q Nxc8 51. Bxc8 Kf6 52. Kf1 Ke5 53. Ke2 Kd4 54. Kd2 Kc4 55. Bd7 Kd4 56. Be8 f6 57. Bf7 Ke5 58. Kd3 Kf5 59. Kd4 Kg5 60. Be6 f5 61. Ke5 1-0


[Site "https://www.chess.com"]

[Event "Titled Tuesday Blitz April 26 Early 2022"]
[White "Avalos Parra, Joao"]
[Black "Halvax, Georg"]
[WhiteFideId "3402541"]
[BlackFideId "1619543"]
[WhiteElo "2173"]
[BlackElo "2403"]
[Result "1-0"]
[Round "05"]
[TimeControl "180+1"]
[Date "2022.04.26"]
[WhiteClock "0:00:45"]
[BlackClock "0:01:23"]

1. d4 d5 2. c4 e6 3. Nf3 Nf6 4. g3 Be7 5. Bg2 O-O 6. O-O dxc4 7. Ne5 Nc6 8. Bxc6 bxc6 9. Nxc6 Qe8 10. Nxe7+ Qxe7 11. Qc2 e5 12. Rd1 exd4 13. Rxd4 Be6 14. Bg5 h6 15. Bf4 Rfd8 16. Rxd8+ Rxd8 17. Nc3 Qc5 18. Rd1 Rxd1+ 19. Qxd1 Nd5 20. Nxd5 Bxd5 21. Be3 Qa5 22. a3 a6 23. Qd4 c6 24. Bd2 Qc7 25. Bc3 f6 26. e4 Bf7 27. Qc5 Qd7 28. Kg2 h5 29. Qd4 Qe6 30. h3 h4 31. g4 Bg6 32. Kf3 Kh7 33. Ke3 f5 34. Qxg7# 1-0


[Site "https://www.chess.com"]

[Event "Titled Tuesday Blitz April 26 Early 2022"]
[White "Bacrot, Etienne"]
[Black "Stevens, Christian"]
[WhiteFideId "605506"]
[BlackFideId "2604450"]
[WhiteElo "2673"]
[BlackElo "2538"]
[Result "1-0"]
[Round "05"]
[TimeControl "180+1"]
[Date "2022.04.26"]
[WhiteClock "0:00:25"]
[BlackClock "0:00:13"]

1. e4 c5 2. Nf3 e6 3. b3 Nc6 4. Bb2 d6 5. Bb5 Bd7 6. O-O Nf6 7. Re1 Be7 8. c3 a6 9. Bf1 O-O 10. d4 cxd4 11. cxd4 d5 12. e5 Ne4 13. Nbd2 Nxd2 14. Qxd2 Bb4 15. Bc3 Bxc3 16. Qxc3 Qa5 17. Qe3 Nb4 18. Qd2 Qa3 19. Re3 Rac8 20. Ng5 Nc2 21. Nxh7 Nxa1 22. Nf6+ gxf6 23. Rg3+ Kh7 24. Bd3+ f5 25. Rh3+ Kg6 26. Qh6# 1-0


[Site "https://www.chess.com"]

[Event "Titled Tuesday Blitz April 26 Early 2022"]
[White "Belenkaya, Dina"]
[Black "Prieto Aranguren, Alain"]
[WhiteFideId "24142654"]
[BlackFideId "2268906"]
[WhiteElo "2196"]
[BlackElo "2235"]
[Result "1-0"]
[Round "05"]
[TimeControl "180+1"]
[Date "2022.04.26"]
[WhiteClock "0:00:03"]
[BlackClock "0:00:01"]

1. Nf3 g6 2. g3 Bg7 3. Bg2 d6 4. d3 Nf6 5. Nbd2 O-O 6. e4 e5 7. O-O Nc6 8. h3 Nd7 9. Nc4 Nc5 10. c3 Be6 11. b4 Nxe4 12. dxe4 Bxc4 13. Re1 a5 14. Nd2 Bd3 15. Nb3 Bc4 16. Nd2 Be6 17. b5 Nb8 18. c4 Nd7 19. a4 Nc5 20. Ba3 b6 21. Qc2 Qd7 22. Rad1 Rae8 23. Kh2 f5 24. exf5 Bxf5 25. Ne4 Nxe4 26. Bxe4 Bxe4 27. Rxe4 Rf3 28. Bc1 Ref8 29. Be3 Qf5 30. Rd2 h5 31. Qd3 Kh7 32. Qd5 g5 33. Kg2 Rf7 34. Qd3 Rf6 35. Re2 Rf7 36. Qc2 h4 37. g4 Qg6 38. Bc1 Qe6 39. Rxe5+ Qg6 40. R5e4 Be5 41. Qd1 Kh6 42. Qe1 Qf6 43. Kg1 Rxh3 44. R2e3 Rxe3 45. Qxe3 Qf3 46. Qxf3 Rxf3 47. Be3 Kg6 48. Kg2 Rf8 49. c5 bxc5 50. Bxc5 Rf4 51. Rxf4 Bxf4 52. Ba7 Kf6 53. Bb8 Ke7 54. Bxc7 Kd7 55. b6 Be5 56. f3 Bd4 57. Bb8 Bxb6 58. Kh3 Bc5 59. f4 gxf4 60. g5 f3 61. g6 1-0


[Site "https://www.chess.com"]

[Event "Titled Tuesday Blitz April 26 Early 2022"]
[White "Belozerov, Andrei"]
[Black "Chernomordik, Pavel"]
[WhiteFideId "4120213"]
[BlackFideId "2804530"]
[WhiteElo "2320"]
[BlackElo "2220"]
[Result "1-0"]
[Round "05"]
[TimeControl "180+1"]
[Date "2022.04.26"]
[WhiteClock "0:01:02"]
[BlackClock "0:00:07"]

1. e4 g6 2. d4 Bg7 3. Nf3 d6 4. Bc4 e6 5. Bb3 b6 6. O-O Bb7 7. Re1 Nd7 8. Nbd2 Ne7 9. Nf1 h6 10. Ng3 c5 11. c3 Qc7 12. Bf4 O-O-O 13. a4 c4 14. Bc2 e5 15. Be3 h5 16. a5 h4 17. Nf1 b5 18. a6 Ba8 19. d5 Nc5 20. N1d2 f6 21. b3 cxb3 22. Nxb3 Na4 23. Bd3 Nxc3 24. Qd2 b4 25. Rec1 g5 26. Ra4 Kd7 27. Rxb4 Rc8 28. Rc4 Qb8 29. R1xc3 g4 30. Ne1 g3 31. fxg3 hxg3 32. hxg3 f5 33. Rxc8 Rxc8 34. Rxc8 Kxc8 35. Qc2+ Kd8 36. Bg5 fxe4 37. Bxe4 Qb6+ 38. Kh2 Ke8 39. Qc4 Qf2 40. Nf3 Bxd5 41. Bxd5 Nf5 42. Qc8# 1-0


[Site "https://www.chess.com"]

[Event "Titled Tuesday Blitz April 26 Early 2022"]
[White "Bethke, Richard"]
[Black "Arabidze, Meri"]
[WhiteFideId "12959243"]
[BlackFideId "13604040"]
[WhiteElo "2531"]
[BlackElo "2335"]
[Result "1-0"]
[Round "05"]
[TimeControl "180+1"]
[Date "2022.04.26"]
[WhiteClock "0:00:35"]
[BlackClock "0:00:22"]

1. e4 c5 2. Nf3 e6 3. d4 cxd4 4. Nxd4 Nc6 5. Nc3 a6 6. Be2 Nf6 7. O-O d6 8. Nxc6 bxc6 9. f4 Qc7 10. Be3 Be7 11. Qe1 O-O 12. Rd1 d5 13. e5 Nd7 14. Qg3 Bc5 15. Bxc5 Nxc5 16. Kh1 a5 17. a4 Rb8 18. b3 Rb4 19. Bd3 Nxd3 20. Qxd3 Qb6 21. Qg3 Ba6 22. Rf3 Rd4 23. Qf2 Rxd1+ 24. Nxd1 Qxf2 25. Nxf2 c5 26. Nd3 Rc8 27. Nb2 g6 28. h4 h5 29. g3 Kf8 30. Kg1 Ke7 31. Kf2 Rb8 32. Rc3 c4 33. Ke3 Kd7 34. Kd4 Rb4 35. Kc5 d4 36. Rf3 c3 37. Nd3 Rxb3 38. cxb3 Bxd3 39. Rxd3 c2 40. Rxd4+ Ke7 41. Rc4 1-0


[Site "https://www.chess.com"]

[Event "Titled Tuesday Blitz April 26 Early 2022"]
[White "Blokhin, Sofia"]
[Black "Khamdamova, Afruza"]
[WhiteFideId "4508190"]
[BlackFideId "14210444"]
[WhiteElo "1764"]
[BlackElo "1660"]
[Result "0-1"]
[Round "05"]
[TimeControl "180+1"]
[Date "2022.04.26"]
[WhiteClock "0:00:02"]
[BlackClock "0:00:31"]

1. d4 Nf6 2. c4 e6 3. Nc3 d5 4. cxd5 exd5 5. e3 c6 6. Nf3 Be7 7. Bd3 O-O 8. O-O Bg4 9. Qc2 Bxf3 10. gxf3 h6 11. Ne2 Bd6 12. Ng3 Nbd7 13. Kh1 Bxg3 14. fxg3 Re8 15. Bd2 Nf8 16. Kg2 Qc7 17. g4 Rad8 18. h4 Ne6 19. Be1 Qb6 20. b4 Nc7 21. Qf2 Ne6 22. Bd2 g6 23. Rg1 Ng7 24. Kh1 Re7 25. a4 Rde8 26. a5 Qc7 27. g5 hxg5 28. hxg5 Nfh5 29. f4 Kh7 30. Kg2 Rh8 31. Rh1 Kg8 32. Rh4 Qd7 33. Rah1 Nf5 34. R4h3 Kg7 35. Be2 Qe6 36. Bxh5 gxh5 37. Qf3 h4 38. Kf2 b6 39. Rg1 Kg6 40. Qg4 Qe4 41. Qf3 Qc2 42. Qe2 bxa5 43. bxa5 Nxd4 44. Qe1 Nf5 45. Qd1 Qa2 46. Qb1 Qxd2+ 0-1


[Site "https://www.chess.com"]

[Event "Titled Tuesday Blitz April 26 Early 2022"]
[White "Bluebaum, Matthias"]
[Black "Rozman, Levy"]
[WhiteFideId "24651516"]
[BlackFideId "2039877"]
[WhiteElo "2550"]
[BlackElo "2376"]
[Result "1-0"]
[Round "05"]
[TimeControl "180+1"]
[Date "2022.04.26"]
[WhiteClock "0:00:05"]
[BlackClock "0:00:01"]

1. d4 Nf6 2. c4 e6 3. Nc3 Bb4 4. e3 O-O 5. Bd2 c5 6. a3 Bxc3 7. Bxc3 d6 8. dxc5 dxc5 9. Qc2 b6 10. Bd3 Bb7 11. O-O-O Qe7 12. Bxf6 Qxf6 13. Bxh7+ Kh8 14. Be4 Nc6 15. Rd7 Nd4 16. Rxd4 cxd4 17. Bxb7 Rab8 18. Be4 b5 19. c5 b4 20. axb4 dxe3 21. Nf3 exf2 22. Qc4 Qf4+ 23. Kc2 Rfd8 24. Bd3 Qe3 25. Qe4 Qxe4 26. Bxe4 Rxb4 27. Bd3 Rd5 28. Rf1 Rxc5+ 29. Kb1 Rc3 30. Bc2 a5 31. Rxf2 a4 32. Rd2 1-0


[Site "https://www.chess.com"]

[Event "Titled Tuesday Blitz April 26 Early 2022"]
[White "Castellanos Hernandez, Emilio Au"]
[Black "Bachmann, Axel"]
[WhiteFideId "5114179"]
[BlackFideId "3700488"]
[WhiteElo "2021"]
[BlackElo "2587"]
[Result "1-0"]
[Round "05"]
[TimeControl "180+1"]
[Date "2022.04.26"]
[WhiteClock "0:00:49"]
[BlackClock "0:00:16"]

1. d4 Nf6 2. Bg5 c5 3. dxc5 Na6 4. Nc3 Nxc5 5. Bxf6 exf6 6. e4 g6 7. Nf3 Bh6 8. Bc4 O-O 9. O-O Re8 10. Qd5 Qe7 11. Rad1 Ne6 12. Rfe1 a6 13. Qd6 b5 14. Qxe7 Rxe7 15. Bd5 Rb8 16. a3 Bb7 17. Bxb7 Rxb7 18. Rd6 Bf4 19. Rxa6 Nc7 20. Ra5 Bd6 21. Rd1 b4 22. Nd5 Nxd5 23. Raxd5 Bb8 24. axb4 Rxb4 25. b3 d6 26. R5d4 Rxe4 27. Rxe4 Rxe4 28. h3 Re2 29. Rd2 Re4 30. c4 Kf8 31. Kf1 Ke7 32. Re2 f5 33. Nd2 Re6 34. Nf3 h6 35. Nd4 Rxe2 36. Nc6+ Ke6 37. Kxe2 Bc7 38. Kd3 d5 39. Nd4+ Ke5 40. g3 dxc4+ 41. bxc4 Bb6 42. f4+ Kd6 43. Nb3 Bf2 44. Ke2 Bxg3 45. Ke3 g5 46. fxg5 hxg5 47. Kd4 f4 48. c5+ Kc7 49. Ke4 Bf2 50. Kf5 Kc6 51. Kxg5 Be3 52. Kg4 Kd5 53. Kf3 f5 54. h4 Ke6 55. h5 Kf6 56. c6 Bb6 57. Kxf4 Bc7+ 58. Kf3 Kg5 59. Nd4 Kxh5 60. Nxf5 Kg5 61. Ke4 Kf6 62. Nd4 Ke7 63. Kd5 Bg3 64. Nf5+ Kd8 65. Nxg3 Kc7 66. Kc5 Kc8 67. Kd6 Kb8 68. Nf5 Kc8 69. Ne7+ Kd8 70. c7+ Ke8 71. c8=Q+ Kf7 72. Qg8+ Kf6 73. Qg6# 1-0


[Site "https://www.chess.com"]

[Event "Titled Tuesday Blitz April 26 Early 2022"]
[White "Chigaev, Maksim"]
[Black "Andreikin, Dmitry"]
[WhiteFideId "4108116"]
[BlackFideId "4158814"]
[WhiteElo "2478"]
[BlackElo "2736"]
[Result "0-1"]
[Round "05"]
[TimeControl "180+1"]
[Date "2022.04.26"]
[WhiteClock "0:00:04"]
[BlackClock "0:01:14"]

1. d4 d5 2. Nf3 Nf6 3. c4 e6 4. g3 Bb4+ 5. Nbd2 dxc4 6. Bg2 b5 7. a3 Bxd2+ 8. Nxd2 Nd5 9. a4 c6 10. O-O O-O 11. e4 Nb4 12. axb5 cxb5 13. e5 N8c6 14. Ne4 Qxd4 15. Qxd4 Nxd4 16. Nf6+ gxf6 17. Bxa8 Ba6 18. Be4 Ne2+ 19. Kg2 Nxc1 20. Rfxc1 fxe5 21. Ra5 f5 22. Bf3 e4 23. Be2 Rd8 24. Rd1 Rd5 25. f4 Kf7 26. Kf2 Ke7 27. Rda1 Rd6 28. h3 e3+ 29. Kf3 Bb7+ 30. Kxe3 Nc2+ 31. Kf2 Nxa1 32. Rxa7 Rd7 33. Rxa1 Kd6 34. Ke3 Kc5 35. Rc1 Kb4 36. g4 Kb3 0-1


[Site "https://www.chess.com"]

[Event "Titled Tuesday Blitz April 26 Early 2022"]
[White "Chincholimath, Halsagar"]
[Black "Samaganova, Aleksandra"]
[WhiteFideId "5022487"]
[BlackFideId "13800221"]
[WhiteElo "1737"]
[BlackElo "1859"]
[Result "0-1"]
[Round "05"]
[TimeControl "180+1"]
[Date "2022.04.26"]
[WhiteClock "0:00:12"]
[BlackClock "0:00:32"]

1. e4 c5 2. c3 Nf6 3. e5 Nd5 4. d4 cxd4 5. cxd4 d6 6. Nf3 Bg4 7. Bc4 e6 8. Qb3 Nb6 9. Bb5+ Nc6 10. Nbd2 Rc8 11. O-O Be7 12. h3 Bh5 13. Ne4 O-O 14. exd6 Bxd6 15. Nxd6 Qxd6 16. Ng5 Nxd4 17. Qd3 Bg6 18. Ne4 Qd5 19. Nc3 Rxc3 20. Qxc3 Nxb5 21. Qb4 Nd4 22. Be3 Nc2 23. Qe7 Nxa1 24. Rxa1 Qd7 25. Qc5 Rc8 26. Qg5 h6 27. Qg3 Nd5 28. Bd4 Qc7 29. Rb1 Qxg3 0-1


[Site "https://www.chess.com"]

[Event "Titled Tuesday Blitz April 26 Early 2022"]
[White "Clawitter, Craig"]
[Black "Przybylski, Wojciech"]
[WhiteFideId "2023105"]
[BlackFideId "1117599"]
[WhiteElo "2241"]
[BlackElo "2133"]
[Result "0-1"]
[Round "05"]
[TimeControl "180+1"]
[Date "2022.04.26"]
[WhiteClock "0:00:08"]
[BlackClock "0:00:25"]

1. e4 c5 2. Nf3 e6 3. d4 cxd4 4. Nxd4 Nc6 5. Nc3 Qc7 6. Be3 a6 7. Qd2 Nf6 8. f3 Be7 9. g4 b5 10. O-O-O b4 11. Nce2 Ne5 12. Ng3 h6 13. Kb1 d5 14. Bf4 Bd6 15. Bxe5 Bxe5 16. Qxb4 Rb8 17. Qa3 Qb6 18. Nb3 Bb7 19. Qa4+ Bc6 20. Qxa6 Qc7 21. Qd3 O-O 22. h4 Bxg3 23. g5 dxe4 24. fxe4 Bxe4 25. Qd2 Bf4 26. Qf2 Ng4 27. Qg1 Qxc2+ 28. Ka1 Qxd1+ 0-1


[Site "https://www.chess.com"]